 Dungeon Crawl Stone Soup version 0.24-a0-584-g9d6b971ae4 (webtiles) character file.

Game seed: 4425518372657575721, levelgen mode: deterministic

5847 MisterOstroum the Archer (level 10, -7/88 HPs)
             Began as a Centaur Hunter on Aug 30, 2019.
             Shot with an arrow by a centaur warrior (10 damage)
             ... on level 8 of the Dungeon on Aug 31, 2019.
             The game lasted 01:03:34 (11816 turns).

MisterOstroum the Archer (Centaur Hunter)          Turns: 11816, Time: 01:03:35

Health: -7/88      AC: 10    Str: 18    XL:     10   Next: 51%
Magic:  22/22      EV:  6    Int: 10    God:
Gold:   182        SH:  0    Dex: 10    Spells: 9/9 levels left

rFire    . . .     SeeInvis +   d - +2 short sword (freeze)
rCold    . . .     Gourm    .   (no shield)
rNeg     . . .     Faith    .   r - +0 chain mail
rPois    .         Spirit   .   N - +2 hat {SInv}
rElec    .         Reflect  .   (no cloak)
rCorr    .         Harm     .   (no gloves)
MR       .....                  (no barding)
Stlth    ..........             m - amulet of rage
HPRegen  0.24/turn              J - ring of magical power
MPRegen  0.18/turn              (no ring)

@: lethally poisoned (-7 -> -8), berserk cooldown, very slightly contaminated,
slowed
A: large, hooves 3, deformed body, speed 2, tough skin 3
a: Evoke Berserk Rage


You were on level 8 of the Dungeon.
You were very hungry.

You visited 2 branches of the dungeon, and saw 9 of its levels.

You collected 438 gold pieces.
You spent 256 gold pieces at shops.

Inventory:

Hand Weapons
 a - a +2 shortbow
 b - the +2 long sword "Guifeisk" {slice, Int+4}
   (You found it on level 5 of the Dungeon)

   It inflicts extra damage upon your enemies.
   It affects your intelligence (+4).
 c - a +0 spear
 d - a +2 short sword of freezing (weapon)
 B - a +0 morningstar
 C - a +0 trident
 O - a +3 long sword
 S - a +0 short sword of venom
Missiles
 g - 97 arrows
 l - 300 stones (quivered)
 u - 9 poisoned darts
 H - 8 boomerangs
 M - 10 atropa-tipped darts
Armour
 r - a +0 chain mail (worn)
 N - a +2 hat of see invisible (worn)
Jewellery
 m - an amulet of rage (around neck)
 z - an uncursed amulet of guardian spirit
 J - a ring of magical power (left hand)
Wands
 F - a wand of acid (4)
 R - a wand of enslavement (2)
 T - a wand of polymorph (5)
Scrolls
 f - 2 scrolls of immolation
 j - a scroll of enchant armour
 k - a scroll of identify {@r1}
 n - a scroll of blinking
 p - 2 scrolls of magic mapping {@r5 !r}
 q - 3 scrolls of enchant weapon
 x - 2 scrolls of random uselessness
 y - a scroll of fear {unknown}
 D - a scroll of fog {!r}
 G - a scroll of amnesia {unknown}
 K - a scroll of teleportation {unknown}
 Q - a scroll of vulnerability {unknown}
Potions
 h - 4 potions of curing {@q1 !q}
 i - a potion of resistance
 o - a potion of ambrosia {unknown}
 s - 4 potions of heal wounds {@q2 !q}
 t - 2 potions of might {unknown}
 v - 3 potions of haste {@q4 !q}
 w - a potion of mutation {unknown}
 A - a potion of degeneration {unknown}
 E - a potion of cancellation {unknown}
 I - a potion of lignification {unknown}
 L - a potion of brilliance {unknown}
 P - a potion of agility {@q5 !q}
Comestibles
 e - 8 rations


   Skills:
 + Level 7.9 Fighting
 - Level 14.0 Bows
 * Level 3.5 Armour
 * Level 4.0 Dodging
 - Level 0.4 Stealth
 - Level 5.1 Evocations


You had 9 spell levels left.
You didn't know any spells.
Your spell library contained the following spells:

 Spells                   Type           Power        Failure   Level  Hunger
 Beastly Appendage        Tmut           #.....       99%         1    ##.....
 Flame Tongue             Conj/Fire      #....        99%         1    ##.....
 Sticks to Snakes         Tmut           #.......     100%        2    ###....
 Throw Flame              Conj/Fire      #.....       100%        2    ###....
 Conjure Flame            Conj/Fire      #.......     100%        3    ####...
 Inner Flame              Hex/Fire       #.......     100%        3    ####...
 Spider Form              Tmut/Pois      #.........   100%        3    ####...
 Ice Form                 Ice/Tmut       #.......     100%        4    #####..
 Sticky Flame             Conj/Fire      #.......     100%        4    #####..
 Blade Hands              Tmut           #.........   100%        5    ######.
 Fireball                 Conj/Fire      #.........   100%        5    ######.


Dungeon Overview and Level Annotations

Branches:
Dungeon (8/15)             Temple (1/1) D:6
   Lair: D:8-11

Altars:
Ashenzari
Cheibriados
Dithmenos
Elyvilon
Fedhas
Gozag
Kikubaaqudgha
Makhleb
Nemelex Xobeh
Qazlal
Ru
Sif Muna
Trog
Uskayaw
Vehumet
Wu Jian
Xom
Yredelemnul
Zin
The Shining One

Shops:
D:6 *   D:7 [

Annotations:
D:8 Psyche


Innate Abilities, Weirdness & Mutations

You have hooves in place of feet.
Armour fits poorly on your strangely shaped body.
You cover ground very quickly.
You have extremely tough skin. (AC +3)


Message History

The water moccasin is almost dead.
The water moccasin bites you but does no damage.
You puncture the water moccasin!
The water moccasin seems to slow down.
You freeze the water moccasin.
You kill the water moccasin!
You feel sick.
You feel sick.
You feel sick.
You feel sick.
You feel sick.
You feel sick.
You feel sick.
You feel sick.
You feel sick.
You are no longer poisoned.
HP restored.
An ugly thing, a big kobold, a centaur warrior and Psyche come into view.
Psyche is wielding a +1 dagger of chaos.
The centaur warrior shouts!
The purple ugly thing gurgles horribly!
The big kobold shouts!
Psyche shouts!
Found a glowing war axe.
A centaur warrior comes into view.
The centaur warrior shouts!
A red film seems to cover your vision as you go berserk!
You feel yourself moving faster!
You feel mighty!
You are feeling very hungry.
The centaur warrior hits you.
A soldier ant comes into view.
The centaur warrior hits you.
You hit the centaur warrior. You freeze the centaur warrior.
You kick the centaur warrior!
The centaur warrior is moderately wounded.
Psyche hits you but does no damage. The centaur warrior hits you.
You barely miss the centaur warrior.
The centaur warrior is moderately wounded.
Psyche looks satisfied for a moment.
The centaur warrior hits you.
You hit the centaur warrior. You freeze the centaur warrior.
You kick the centaur warrior.
The centaur warrior is heavily wounded.
Psyche hits you but does no damage.
You are poisoned.
The centaur warrior hits you but does no damage.
You puncture the centaur warrior! You freeze the centaur warrior.
The centaur warrior is severely wounded.
You feel sick. The centaur warrior hits you!
Psyche hits you but does no damage.
You are more poisoned.
You puncture the centaur warrior! You freeze the centaur warrior.
You kill the centaur warrior!
Your Armour skill increases to level 3!
Your Dodging skill increases to level 4!
You feel sick. Psyche hits you but does no damage.
You hit Psyche. You freeze Psyche.
Psyche is moderately wounded.
The soldier ant stings you.
You are more poisoned.
The soldier ant poisons you!
You feel sick.
You feel a strong urge to attack something.
You feel sick.
Psyche sings a strange song.
You feel sick.
You feel your anger nearly subside.
You are no longer berserk.
You are exhausted.
You feel yourself slow down.
You feel sick.
You feel sick.
You feel sick.
You feel sick.
You feel sick.
You feel sick.
You feel sick.
You feel sick.
You feel sick.
You feel sick.
The centaur warrior wields a +0 shortbow.
The centaur warrior shoots an arrow.
The arrow hits you!
The centaur warrior shoots an arrow.
The arrow hits you!
You see here 2 arrows.
You feel sick.
The centaur warrior shoots an arrow.
The arrow hits you!
You see here an arrow.
You feel sick.
The centaur warrior shoots an arrow.
The arrow hits you!!
* * * LOW HITPOINT WARNING * * *
You see here an arrow.
You feel sick.
Blink to where?
Press: ? - help, Dir - move target cursor You are very lightly contaminated with residual magic.
As you read the scroll of blinking, it crumbles to dust.
You feel sick.
You feel sick.
You feel sick.
You feel sick.
You feel sick.
You feel sick.
You feel sick.
You feel sick.
The ogre shouts!
The centaur warrior shoots an arrow.
The arrow hits you!
You die...

###################
#...................
#..............a((..
#..#####.#########.#
####..##....#..##).##.# ###
##..........#.#.###.#.#..#.#.
#..##.....###...#..#...#..#
#.#.#
..........#....O###.....#
.#.#.
................@.#.....# .#
#@#
..##............#.#.....####
#.
.#.....[........#.c#...#..# #
..............#.#.#.###.#.#
#.
..........#####[##..#....##
#.#
..........####<.#####.#### #.
................##..##..### #
...............)#.##..##..#
............###[#.##..##..#


You could see a centaur warrior and an ogre.

Vanquished Creatures
  A centaur warrior (D:8)
  Joseph (D:8)
  A gargoyle (D:6)
  A hornet (D:8)
  A hippogriff (D:6)
  Grum (D:8)
  Menkaure (D:7)
  A water moccasin (D:8)
  3 sky beasts
  2 orc warriors
  A phantom (D:3)
  2 black bears
  5 ogres
  4 wolves (D:8)
  3 centaurs (D:6)
  A big kobold (D:4)
  4 bullfrogs
  A wyvern zombie (D:5)
  2 scorpions
  6 killer bees
  7 wights
  2 crimson imps
  4 orc priests
  A jelly (D:6)
  8 orc wizards
  A centaur skeleton (D:7)
  6 hounds
  Jessica (D:2)
  3 worker ants
  11 adders
  10 gnolls
  2 shadow imps
  An adder skeleton (D:7)
  4 worms
  3 dart slugs
  7 leopard geckos
  34 orcs
  7 giant cockroaches
  8 goblins
  8 hobgoblins
  11 jackals
  7 kobolds
  3 quokkas
  A ball python (D:1)
  7 bats
  10 frilled lizards
  A leopard gecko skeleton (D:6)
  A quokka skeleton (D:6)
  5 rats
216 creatures vanquished.

Notes
Turn   | Place    | Note
-------+----------+-------------------------------------------
     0 | D:1      | MisterOstroum the Centaur Hunter began the quest for the
                  | Orb.
     0 | D:1      | Reached XP level 1. HP: 17/17 MP: 1/1
    33 | D:1      | Reached skill level 6 in Bows
    33 | D:1      | Reached XP level 2. HP: 20/24 MP: 2/2
   429 | D:1      | Reached XP level 3. HP: 30/30 MP: 3/3
  1389 | D:2      | Noticed Jessica
  1398 | D:2      | Killed Jessica
  1398 | D:2      | Reached XP level 4. HP: 40/40 MP: 4/4
  1745 | D:2      | Reached XP level 5. HP: 20/47 MP: 5/5
  1934 | D:2      | Reached skill level 5 in Fighting
  2624 | D:3      | Reached skill level 1 in Armour
  2624 | D:3      | Reached XP level 6. HP: 45/56 MP: 6/6
  2738 | D:3      | Reached skill level 7 in Bows
  2881 | D:3      | Found a radiant altar of Vehumet.
  3573 | D:4      | Reached skill level 8 in Bows
  3814 | D:4      | Found an opulent altar of Gozag.
  3879 | D:4      | Reached skill level 9 in Bows
  3879 | D:4      | Reached XP level 7. HP: 51/61 MP: 7/7
  4850 | D:5      | Entered Level 5 of the Dungeon
  5238 | D:5      | Got a shimmering long sword
  5262 | D:5      | Identified the +2 long sword "Guifeisk" {slice, Int+4} (You
                  | found it on level 5 of the Dungeon)
  5658 | D:5      | Reached XP level 8. HP: 52/70 MP: 10/10
  6068 | D:5      | Found a shimmering altar of Xom.
  6068 | D:5      | Found a blossoming altar of Fedhas.
  6407 | D:6      | Noticed a hippogriff
  6486 | D:5      | Reached skill level 10 in Bows
  7246 | D:6      | Reached skill level 11 in Bows
  7448 | D:6      | Reached XP level 9. HP: 79/79 MP: 12/12
  7752 | D:6      | Reached skill level 5 in Evocations
  7863 | D:6      | Noticed a gargoyle
  7888 | D:6      | Killed a gargoyle
  7888 | D:6      | Reached skill level 12 in Bows
  7974 | D:6      | Found Naid's General Store.
  8736 | D:7      | Reached skill level 13 in Bows
  8866 | D:7      | Noticed Menkaure
  8873 | D:7      | Killed Menkaure
  9165 | D:7      | Found Raururul's Armour Boutique.
  9168 | D:7      | Bought a +1 hat of see invisible for 256 gold pieces
  9411 | D:7      | Reached skill level 14 in Bows
  9669 | D:6      | Found a staircase to the Ecumenical Temple.
  9677 | Temple   | Entered the Ecumenical Temple
 10279 | D:8      | Noticed Joseph
 10307 | D:8      | Killed Joseph
 10307 | D:8      | Reached XP level 10. HP: 82/86 MP: 13/13
 11010 | D:8      | Identified the cursed +1 hand crossbow "Gerugg" {flame,
                  | -Tele rPois Dex+2}
 11010 | D:8      | Noticed Grum
 11098 | D:8      | Killed Grum
 11280 | D:8      | Found the +3 warlock's mirror {reflect}
 11318 | D:8      | Paralysed by a hornet for 3 turns
 11779 | D:8      | Noticed a centaur warrior
 11779 | D:8      | Noticed a purple ugly thing
 11779 | D:8      | Noticed Psyche
 11781 | D:8      | Noticed a centaur warrior
 11787 | D:8      | Killed a centaur warrior
 11809 | D:8      | HP: 4/88 [poisoned by a soldier ant]
 11815 | D:8      | HP: 3/88 [poisoned by a soldier ant]
 11816 | D:8      | Shot with an arrow by a centaur warrior

Levels and vault maps discovered:
D:1:      minmay_arrival_three_doors, layout_rooms, minmay_box_of_dots
D:2:      layout_basic, uniq_jessica
D:3:      layout_rooms, vehumet_crystals
D:4:      layout_basic, grunt_gozag_statues
D:5:      layout_rooms, gammafunk_temple_overflow_wave, first_ration
D:6:      layout_basic, minmay_temple_entry_from_below_a, serial_shops, shop
D:7:      layout_loops_corners, serial_shops, shop, uniq_menkaure
D:8:      layout_cave_pools, hangedman_pestilent_swarm, minmay_the_grid_2x2
          [minmay_the_grid_rooms, minmay_the_grid_minigrid_medium,
          minmay_the_grid_spin_star,
          minmay_the_grid_prize_four_corners_diamond_b], uniq_grum, uniq_psyche,
          uniq_joseph
Temple:   kb_temple_of_zot

Skill      XL: |  1  2  3  4  5  6  7  8  9 10 |
---------------+-------------------------------+-----
Bows           | 6 9 11 14 | 14.0
Fighting       | 4 5 6 7 |  7.9
Armour         | 1 3 |  3.5
Evocations     | 3 4 5 |  5.1
Dodging        | 2 4 |  4.0
Stealth        | |  0.4

Action                   |  1- 3 |  4- 6 |  7- 9 | 10-12 || total
-------------------------+-------+-------+-------+-------++-------
Melee: Short sword       |    66 |   112 |       |    78 ||   256
       Kick              |    12 |    24 |    54 |    17 ||   107
       Spear             |       |    14 |    61 |       ||    75
       Morningstar       |       |    10 |       |       ||    10
       Unarmed           |       |     7 |       |       ||     7
       Long sword        |       |       |   185 |     5 ||   190
 Fire: Shortbow          |    53 |    67 |   119 |    38 ||   277
Throw: Stone             |    33 |    37 |    45 |     6 ||   121
       Boomerang         |    14 |    56 |    20 |       ||    90
       Dart              |       |     8 |    23 |       ||    31
 Abil: Evoke Berserk Rag |       |     1 |    11 |     6 ||    18
Evoke: Wand              |       |       |     2 |     1 ||     3
  Use: Scroll            |       |     7 |     6 |     3 ||    16
       Potion            |       |       |     2 |       ||     2
  Eat: Chunk             |     1 |     8 |    20 |     6 ||    35
       Ration            |       |       |     2 |     1 ||     3
Armor: Leather armour    |    29 |     8 |       |       ||    37
       Chain mail        |       |    54 |    77 |    64 ||   195
       Robe              |       |     5 |    38 |       ||    43
       Skin              |       |     2 |       |       ||     2
Dodge: Dodged            |    48 |    52 |    92 |    41 ||   233
       Rpst.: Long sword |       |       |    24 |     1 ||    25

Table legend:
 A = Non-vault XP
 B = Vault XP
 C = Vault XP percentage of total XP
 D = Non-vault monster count
 E = Vault monster count
 F = Vault count percentage of total count
                 A         B        C        D         E       F
            +---------+---------+-------+---------+---------+-------
      Total |    5356 |    2998 |  35.9 |     192 |      24 |  11.1
            +---------+---------+-------+---------+---------+-------
        D:1 |      63 |       2 |   3.1 |      33 |       2 |   5.7
        D:2 |     152 |      37 |  19.6 |      25 |       1 |   3.8
        D:3 |     319 |       0 |   0.0 |      27 |       0 |   0.0
        D:4 |     285 |       0 |   0.0 |      17 |       0 |   0.0
        D:5 |     915 |       0 |   0.0 |      23 |       0 |   0.0
        D:6 |    2169 |       0 |   0.0 |      36 |       0 |   0.0
        D:7 |     922 |     241 |  20.7 |      21 |       3 |  12.5
        D:8 |     531 |    2718 |  83.7 |      10 |      18 |  64.3
            +---------+---------+-------+---------+---------+-------
